 Dungeon Crawl Stone Soup version bcrawl-1.28.1b (webtiles) character file.

Game seed: 8495902119064530362

214254 Adamkad1 the Ruffian (level 6, 0/76 HPs)
             Began as a Draconian Transmuter on Dec 12, 2020.
             Succumbed to a gnoll's poison
             ... on level 4 of the Dungeon.
             The game lasted 00:04:16 (2646 turns).

Adamkad1 the Ruffian (Draconian Transmuter)         Turns: 2646, Time: 00:04:16

Health: 0/76       AC: 23    Str: 13 (14) XL:     6   Next: 45%
Magic:  9/10       EV:  1    Int: 16 (19) God:
Gold:   141        SH:  0    Dex:  9 (11) Spells: 7/11 levels left

rFire    . . .     SeeInvis .     - Branches (18.6)
rCold    . . .     Gourm    .   (no shield)
rNeg     + + +     Faith    .   (armour unavailable)
rPois    +         Spirit   .   (helmet currently unavailable)
rElec    .         Reflect  .   (cloak currently unavailable)
rCorr    .         Harm     .   (gloves currently unavailable)
MR       .....     NoTele   +   (boots currently unavailable)
Stlth    +.........             (no amulet)
HPRegen  0.22/turn              (no ring)
MPRegen  0.12/turn              (no ring)

@: brilliant, lethally poisoned (0 -> -5), tree-form, berserk cooldown, hasted
and slowed
A: giant, unfitting armour, AC +6
a: no special abilities


You were on level 4 of the Dungeon.
You were hungry.
You were a tree.
You visited 1 branch of the dungeon, and saw 4 of its levels.

You collected 141 gold pieces.

Inventory:

Missiles
 a - 775 arrows
 j - 106 poisoned tomahawks (quivered)
Jewellery
 q - an uncursed ring of resist corrosion {unknown}
Scrolls
 d - 5 scrolls of remove curse {unknown}
 g - 4 scrolls of immolation {unknown}
 l - 3 scrolls of teleportation {unknown}
 m - 3 scrolls of identify
 n - a scroll of magic mapping {unknown}
 o - a scroll of blinking {unknown}
 p - a scroll of fog {unknown}
Potions
 c - 2 potions of lignification
 h - a potion of brilliance
 k - 3 potions of haste
Comestibles
 b - 4 chunks of flesh
 e - 6 rations {!d}


   Skills:
 + Level 3.1 Fighting
 + Level 3.0 Dodging
 + Level 4.1 Unarmed Combat
 + Level 3.1 Spellcasting
 * Level 4.0 Transmutations


You had 7 spell levels left.
You knew the following spells:

 Your Spells              Type           Power        Failure   Level  Hunger
a - Beastly Appendage     Tmut           ####..       1%          1    None
b - Spider Form           Tmut/Pois      ###          3%          3    ####...

Your spell library contained the following spells:

 Spells                   Type           Power        Failure   Level  Hunger
 Passwall                 Tmut/Erth      ###.....     1%          2    #......
 Sticks to Snakes         Tmut           ####....     1%          2    #......
 Ice Form                 Ice/Tmut       ###.....     10%         4    #####..
 Blade Hands              Tmut           ####......   11%         5    ######.


Dungeon Overview and Level Annotations

Branches:
Dungeon (4/12)
 Temple: D:4-7

Altars:
Dithmenos
Nemelex Xobeh


Innate Abilities, Weirdness & Mutations

((Your plain brown scales are hard. (AC +6)))
You cannot fit into any form of body armour.
((You are cold-blooded and may be slowed by cold attacks.))


Message History

You are no longer berserk.
You are exhausted.
You feel yourself slow down.
* * * LOW HITPOINT WARNING * * *
You feel sick.
It was a potion of degeneration.
There was something very wrong with that liquid.
You feel weakened.
You feel dopey.
You feel clumsy.
* * * LOW HITPOINT WARNING * * *
You feel sick.
Okay, then.
* * * LOW HITPOINT WARNING * * *
You feel sick.
Memorise Ice Form, consuming 4 spell levels and leaving 3?
Your memorisation is interrupted.
* * * LOW HITPOINT WARNING * * *
You feel sick.
Memorise Ice Form, consuming 4 spell levels and leaving 3?
Your memorisation is interrupted.
You die...

###.....# .......#
###......#
........#### ########
#.#†................
#.....# #...#....
......#)### #...#....
#.###.#)#
######...#.... #.#♣#
#....#...#....
###.#'###.##.#...#....
#).....##.##.#...#....
#....>................
#......#..########....
#......'..# #....
#......##.# #....
#......##.# #####
#......##.#


There were no monsters in sight!

Vanquished Creatures
  A centaur (D:3)
  A howler monkey (D:4)
  An orc wizard (D:4)
  Jessica (D:3)
  Terence (D:2)
  A worker ant (D:4)
  4 gnolls (D:4)
  2 adders (D:3)
  An ooze (D:3)
  5 worms
  5 dart slugs
  2 leopard geckos
  12 orcs
  2 giant cockroaches
  2 goblins
  5 hobgoblins
  6 jackals
  7 kobolds
  6 bats
  3 frilled lizards
  5 rats
73 creatures vanquished.

Notes
Turn   | Place    | Note
-------+----------+-------------------------------------------
     0 | D:1      | Adamkad1 the Draconian Transmuter began the quest for the
                  | Orb.
     0 | D:1      | Reached XP level 1. HP: 16/16 MP: 3/3
   292 | D:1      | Reached XP level 2. HP: 20/23 MP: 3/5
   413 | D:1      | Found a sparkling altar of Nemelex Xobeh.
   778 | D:2      | Reached XP level 3. HP: 12/29 MP: 6/6
  1047 | D:2      | Noticed Terence
  1091 | D:1      | Learned a level 3 spell: Spider Form
  1100 | D:2      | Killed Terence
  1178 | D:2      | Reached XP level 4. HP: 36/36 MP: 3/7
  1591 | D:3      | Noticed a centaur
  1601 | D:3      | Killed a centaur
  1602 | D:3      | Reached XP level 5. HP: 19/42 MP: 4/9
  2187 | D:3      | Noticed Jessica
  2195 | D:3      | Killed Jessica
  2353 | D:4      | Found a shadowy altar of Dithmenos.
  2451 | D:4      | Reached XP level 6. HP: 33/50 MP: 6/10
  2640 | D:4      | HP: 5/114 [poisoned by a gnoll]
  2643 | D:4      | HP: 2/76 [poisoned by a gnoll]
  2646 | D:4      | Succumbed to a gnoll's poison

Skill      XL: |  1  2  3  4  5  6 |
---------------+-------------------+-----
Dodging        | 2 3 |  3.0
Fighting       | 2 3 |  3.1
Transmutations | 3 4 |  4.0
Unarmed Combat | 4 |  4.1
Spellcasting   | 3 |  3.1

Action                   |  1- 3 |  4- 6 || total
-------------------------+-------+-------++-------
Melee: Unarmed           |    95 |   163 ||   258
       Tailslap          |     8 |    10 ||    18
       Kick              |     4 |       ||     4
       Headbutt          |     2 |       ||     2
 Cast: Beastly Appendage |    14 |       ||    14
       Spider Form       |     2 |    17 ||    19
  Use: Potion            |       |     5 ||     5
 Stab: Sleeping          |     1 |       ||     1
  Eat: Chunk             |     4 |    12 ||    16
Armor: Skin              |    24 |    20 ||    44
Dodge: Dodged            |    66 |   117 ||   183
